 Dungeon Crawl Stone Soup version 0.13.2 (webtiles) character file.

261 JeffiDaFish the Covered (level 5, 0/33 HPs)
             Began as a Gargoyle Fighter on Nov 15, 2017.
             Slain by a slave (3 damage)
             ... led by Pikel
             ... on Level 3 of the Dungeon.
             The game lasted 00:10:57 (2274 turns).

JeffiDaFish the Covered (Gargoyle Fighter)          Turns: 2274, Time: 00:10:57

HP   0/33        AC 18     Str 18 (20) XL: 5   Next: 33%
MP   4/4         EV  4     Int  8      God:
Gold 110         SH 18     Dex 10      Spells:  0 memorised,  4 levels left

Res.Fire  : . . .   See Invis. : .   a - +1,+0 mace (curse)
Res.Cold  : . . .   Warding    : .   k - +2 chain mail
Life Prot.: + . .   Conserve   : .   c - +0 shield
Res.Poison: +       Res.Corr.  : .   (no helmet)
Res.Elec. : +       Clarity    : .   (no cloak)
Sust.Abil.: . .     Spirit.Shd : .   (no gloves)
Res.Mut.  : .       Stasis     : .   (no boots)
Res.Rott. : +       Flight     : .   (no amulet)
Saprovore : . . .                    n - +3 ring of protection
                                     j - ring of invisibility

@: invisible, very slightly contaminated, slightly resistant to hostile
enchantments, extremely unstealthy
A: fangs 1, talons 2, life protection 1, electricity resistance, slow metabolism
1, unbreathing, petrification resistance, AC +4
a: no special abilities


You were on level 3 of the Dungeon.
You were hungry.

You visited 1 branch of the dungeon, and saw 4 of its levels.

You collected 90 gold pieces.

Inventory:

Hand weapons
 a - a cursed +1,+0 mace (weapon)
Armour
 c - a +0 shield (worn)
 k - a +2 chain mail (worn)
Comestibles
 d - a bread ration
 h - 2 meat rations
 i - a chunk of quokka flesh
 l - a rotting chunk of rat flesh
 m - a rotting chunk of bat flesh
Scrolls
 e - 2 scrolls of teleportation
 g - 2 scrolls of magic mapping
Jewellery
 j - a ring of invisibility (left hand)
 n - a +3 ring of protection (right hand)


   Skills:
 + Level 4.1 Fighting
 + Level 3.1 Maces & Flails
 + Level 4.1 Armour
 + Level 1.4 Dodging
 + Level 0.2 Stealth
 + Level 4.1 Shields


You had 4 spell levels left.
You didn't know any spells.

Dungeon Overview and Level Annotations

Branches:
Dungeon (4/27)
 Temple: D:4-7

Altars:
Xom

Annotations:
D:3 Pikel


Innate Abilities, Weirdness & Mutations

You are resistant to torment.
You are immune to poison.
Your stone body is very resilient (AC +4).
You have very sharp teeth.
You have razor-sharp toenails.
You resist negative energy.
You are resistant to electric shocks.
You have a slow metabolism.
You can survive without breathing.
You are immune to petrification.


Message History

You are very lightly contaminated with residual magic.
You strike the helpless Pikel from behind!
You hit Pikel but do no damage. You claw Pikel, but do no damage.
Pikel is almost dead.
The slave barely misses you. You block the slave's attack.
Pikel hits you but does no damage. The slave hits you but does no damage.
Unknown command.
You hit Pikel but do no damage. You claw Pikel, but do no damage.
Pikel is almost dead.
You block the slave's attack. Pikel hits you but does no damage.
The slave hits you but does no damage. The slave barely misses you.
You closely miss Pikel. You claw Pikel, but do no damage.
Pikel is almost dead.
Pikel hits you but does no damage. The slave hits you.
* * * LOW HITPOINT WARNING * * *
You block the slave's attack. Pikel barely misses you.
You closely miss Pikel.
Pikel is almost dead.
The slave hits you but does no damage. The slave hits you.
You die...

#########
###.......#
#......##.##
#......#...####
#......#......#####
###.####....#.))..#
#@#@..........#.##
#@@@..........(...
#K#.#.....%.#...##
#.#.#.#.#.#.#[..#
#.#.#.#.#...#...#
#.#...#.#.###...#
#.#####.........#
#.# ###.####..# #.#
#.####..# #.#
#.##....#


You could see Pikel and 4 slaves.

Vanquished Creatures
  An orc priest (D:3)
  3 adders
  A worm (D:2)
  4 giant geckos
  An ooze (D:3)
  12 orcs (D:3)
  9 goblins
  2 hobgoblins (D:3)
  7 jackals
  A quokka (D:3)
  A ball python (D:3)
  4 bats
  4 giant cockroaches
  5 giant newts
  11 kobolds
  12 rats
78 creatures vanquished.

Notes
Turn   | Place    | Note
--------------------------------------------------------------
     0 | D:1      | JeffiDaFish, the Gargoyle Fighter, began the quest for the Orb.
     0 | D:1      | Reached XP level 1. HP: 14/14 MP: 0/0
    87 | D:1      | Reached XP level 2. HP: 12/19 MP: 1/1
   451 | D:1      | Reached XP level 3. HP: 18/24 MP: 2/2
   985 | D:2      | Reached XP level 4. HP: 25/28 MP: 3/3
  1414 | D:2      | Reached skill level 1 in Dodging
  1730 | D:3      | Reached skill level 4 in Armour
  2001 | D:3      | Found a shimmering altar of Xom.
  2046 | D:3      | Reached XP level 5. HP: 22/33 MP: 4/4
  2244 | D:4      | Noticed Pikel
  2244 | D:4      | Noticed a slave
  2244 | D:4      | Noticed a slave
  2244 | D:4      | Noticed a slave
  2244 | D:4      | Noticed a slave
  2274 | D:3      | Slain by a slave

Action                   |  1- 3 |  4- 6 || total
-------------------------+-------+-------++-------
Melee: Mace              |    86 |   145 ||   231
  Use: Scroll            |     5 |     6 ||    11
       Potion            |     3 |     5 ||     8
 Stab: Invisible         |     1 |     1 ||     2
